AoeStats
← Mr.mayfield

Migration

506267306Analyzed
1v1 RM · 19d ago on Sep 13, 2026· 27m 7s· 2 players
Game mode
Random Map
Map size
132×132
Population
200
Speed
Normal
Resources
Standard
Victory
Conquest
Starting age
Dark Age
Ending age
Imperial Age
RankedLock teamsTeams togetherTeam positionsShared explorationLock speedFull tech treeHidden civsTurbo modeCheats
Victory
Defeat
🇺🇸 Wei · United States
846
+16
🇨🇿 Inca · Czechia
841
-16
Reheka
9:49 Feudal Age
11:07 Wheelbarrow
15:15 Castle Age
14:56 Double-Bit Axe
19:44 Town Watch
19:52 Loom
22:16 Hand Cart
22:27 Hand Cart
22:36 Horse Collar
23:09 Bow Saw
22:52 Stone Mining
22:55 Gold Mining
24:08 Heavy Plow
24:44 Gold Shaft Mining
24:50 Gold Shaft Mining
24:52 Stone Shaft Mining
Mr.mayfield
11:08 Feudal Age
11:58 Double-Bit Axe
13:36 Wheelbarrow
12:48 Fishing Lines
19:19 Castle Age
17:20 Horse Collar
17:51 Scale Barding Armor
17:58 Forging
20:21 Bloodlines
20:12 Husbandry
20:18 Gillnets
22:03 Medium Warships
22:09 Town Watch
22:40 Hand Cart
22:23 Stone Mining
23:36 Chain Barding Armor
Connection lost

Rejoining the realm…

Still unreachable

The connection could not be restored.

Session expired

The server has moved on; the page needs a fresh start.